 Dungeon Crawl Stone Soup version 0.29-a0-234-g0dae59b3db (webtiles) character file.

Game seed: 10877270547296084428

69 Ordine the Cudgeller (level 4, -3/37 (40) HPs)
             Began as a Tengu Warper on Mar 3, 2022.
             Slain by Terence
             ... wielding the +7 Throatcutter {drain, coup de grace}
              (11 damage)
             ... on level 2 of the Dungeon.
             The game lasted 00:02:57 (2253 turns).

Ordine the Cudgeller (Tengu Warper)                 Turns: 2253, Time: 00:02:58

HP:   -3/37 (40)    AC: 22    Str: 14    XL:     4   Next: 20%
MP:   8/8           EV:  2    Int: 13    God:
Gold: 58            SH:  0    Dex: 13    Spells: 7/7 levels left

rFire   . . .      SeeInvis .   a - +0 mace
rCold   . . .      Faith    .   (no shield)
rNeg    . . .      Spirit   .   (body armour currently unavailable)
rPois   +          Reflect  .   (helmet currently unavailable)
rElec   .          Harm     .   (cloak currently unavailable)
rCorr   .          Rampage  .   (gloves currently unavailable)
Will    .....      NoTele   +   (boots unavailable)
Stlth   +.........              (no amulet)
HPRegen 0.12/turn               (no ring)
MPRegen 0.11/turn               (no ring)

@: tree-form, drained
A: stationary, stasis, torment immunity, boosted hp, (beak), (talons 3)
a: no special abilities


You were on level 2 of the Dungeon.
You were a tree.
You visited 1 branch of the dungeon, and saw 2 of its levels.

You collected 58 gold pieces.

Inventory:

Hand Weapons
 a - a +0 mace (weapon)
Missiles
 d - 5 boomerangs of dispersal
 k - 4 curare-tipped darts
Armour
 b - a +0 leather armour (melded)
Jewellery
 m - a ring of positive energy
Scrolls
 c - 2 scrolls of blinking
 e - a scroll of noise {unknown}
 f - a scroll of torment {unknown}
 g - 2 scrolls of enchant weapon {unknown}
 i - a scroll of vulnerability {unknown}
 j - a scroll of identify {unknown}
Potions
 l - a potion of mutation {unknown}


   Skills:
 + Level 2.7 Fighting
 * Level 3.7 Maces & Flails
 + Level 2.1 Throwing
 - Level 1.1 Armour
 - Level 2.1 Dodging
 - Level 2.0 Spellcasting
 - Level 2.4 Translocations


You had 7 spell levels left.
You didn't know any spells.
Your spell library contained the following spells:

 Spells                   Type           Power      Damage    Failure   Level
 Blink                    Tloc           14%        N/A       14%         2
 Shock                    Conj/Air       4%         1d3       26%         1
 Gell's Gravitas          Tloc           7%         N/A       28%         3
 Lesser Beckoning         Tloc           7%         N/A       28%         3
 Teleport Other           Tloc           7%         N/A       28%         3
 Swiftness                Air            1%         N/A       58%         3
 Airstrike                Air            0%         N/A       94%         4
 Manifold Assault         Tloc           7%         N/A       95%         5


Dungeon Overview and Level Annotations

Branches:
Dungeon (2/15)

Altars:

Annotations:
D:2 Terence


Innate Abilities, Weirdness & Mutations

You are a tree.
Your roots penetrate the ground, keeping you stationary.
You cannot be teleported.
You are immune to unholy pain and torment.
Your maximum health is greatly increased.
Your equipment is partially melded.
((You have a beak for a mouth.))
((You have claws for feet.))


Message History

Found a human skeleton.
You see here a human skeleton.
Found a human skeleton.
Found a human corpse.
Found a human corpse.
No target in view!
You see here a human skeleton.
A frilled lizard comes into view.
Found 13 gold pieces and a human corpse.
The frilled lizard hisses angrily.
You thump the frilled lizard!
You kill the frilled lizard!
No target in view!
No target in view!
No target in view!
You now have 45 gold pieces (gained 12).
You now have 58 gold pieces (gained 13).
You see here a human skeleton.
You see here a human skeleton.
You see here 26 stones.
As you open the door, it creaks loudly!
You hear a shout!
Terence the Incautious comes into view.
He is wielding the +7 Throatcutter {drain, coup de grace}.
Terence shouts!
There is an open door here.
Found a robe.
Terence barely misses you.
You hit Terence but do no damage. Terence barely misses you.
You hit Terence but do no damage. Terence barely misses you.
Terence hits you with the +7 Throatcutter {drain, coup de grace}!
Ouch! That really hurt!
You feel drained.
* * * LOW HITPOINT WARNING * * *
You are too injured to fight recklessly!
You are too injured to fight recklessly!
You are too injured to fight recklessly!
It was a potion of lignification.
You turn into a tree.
Your +0 leather armour melds into your body.
Your roots penetrate the ground.
Terence hits you with the +7 Throatcutter {drain, coup de grace}!
You die...

#.# #.# # ... # #.# #+## # #.#
##...## # #.# ##.....## #
##.## ##.......##
#######...####.........# #####
.............'..♣@.....+
##...##
######......##.......[.#
##÷##..#
###.#.##.###.......####.####÷.
#...#.##.# ##.....## #†...###.
#.....##.# #....... #†...##..
#...####.# #.#+#######....#..
##..####.# #.#.# #.#.†.##..
#.......####.#.#####.#####..#
#.#####........#......##.÷.##


You could see Terence.

Vanquished Creatures
  A jelly (D:2)
  3 ball pythons
  5 bats
  An endoplasm (D:1)
  5 giant cockroaches (D:1)
  7 goblins
  A hobgoblin (D:1)
  3 kobolds (D:1)
  3 frilled lizards
  6 rats
35 creatures vanquished.

Notes
Turn   | Place    | Note
-------+----------+-------------------------------------------
     0 | D:1      | Ordine the Tengu Warper began the quest for the Orb.
     0 | D:1      | Reached XP level 1. HP: 12/12 MP: 4/4
   347 | D:1      | Reached XP level 2. HP: 17/17 MP: 6/6
   765 | D:1      | Reached skill level 3 in Maces & Flails
   969 | D:1      | Reached XP level 3. HP: 20/22 MP: 7/7
  1383 | D:2      | Reached XP level 4. HP: 12/27 MP: 8/8
  1978 | D:2      | Found a faded altar of an unknown god.
  2247 | D:2      | Noticed Terence
  2253 | D:2      | Slain by Terence

Illustrated notes

Levels and vault maps discovered:
D:1:      amcnicky_arrival_underground_garden, layout_basic, minmay_fountain_box
D:2:      layout_loops_corners, shapermc_ecumenical_altar_hornbeckon,
          wander_ebering_terrifying_dragon_lair, uniq_terence

Skill      XL: |  1  2  3 |
---------------+----------+-----
Maces & Flails | 3 |  3.7
Throwing       | 2 |  2.1
Fighting       | |  2.7
Armour         | |  1.1
Dodging        | |  2.1
Spellcasting   | |  2.0
Translocations | |  2.4

Action                   |  1- 3 |  4- 6 || total
-------------------------+-------+-------++-------
Melee: Mace              |    57 |    21 ||    78
       Peck              |     9 |     1 ||    10
       Kick              |    12 |     2 ||    14
  Use: Potion            |       |     1 ||     1
 Stab: Sleeping          |     1 |       ||     1
Armor: Leather armour    |    19 |    12 ||    31
Dodge: Dodged            |    37 |    16 ||    53

Table legend: (Time is in decaauts)
 A = Elapsed time spent in this place.
 B = Non-inter-level travel time spent in this place.
 C = Inter-level travel time spent in this place.
 D = Time resting spent in this place.
 E = Time spent auto-exploring this place.
 F = Levels seen in this place.
 G = Mean time per level.
                   A        B        C        D        E       F      G
               +--------+--------+--------+--------+--------+-----+--------+
         Total |   2280 |   2238 |     42 |      0 |   1981 |   2 | 1140.0 |
       Dungeon |   2280 |   2238 |     42 |      0 |   1981 |   2 | 1140.0 |
               +--------+--------+--------+--------+--------+-----+--------+

Top non-repeatable levels by time:
     D:1: 1408 daAuts
     D:2: 872 daAuts
